 Dungeon Crawl Stone Soup version 0.20-a0-1034-gb277f92 (webtiles) character file.

96 Duffy the Chopper (level 4, -6/42 HPs)
             Began as a Naga Fighter on Apr 21, 2017.
             Killed by Freeze
             ... invoked by Gorglomux's ghost
              (7 damage)
             ... on level 3 of the Dungeon.
             The game lasted 00:01:06 (1005 turns).

Duffy the Chopper (Naga Fighter)                    Turns: 1005, Time: 00:01:07

Health: -6/42      AC:  4    Str: 19    XL:     4   Next: 67%
Magic:  4/4        EV:  5    Int:  9    God:
Gold:   8          SH:  9    Dex: 10    Spells: 3/3 levels left

rFire    . . .     SeeInvis +   a - +0 war axe
rCold    . . .     Gourm    .   c - +0 shield
rNeg     + . .     Faith    .   b - +0 scale mail
rPois    +         Spirit   .   (no helmet)
rElec    .         Reflect  .   (no cloak)
rCorr    .         Harm     .   (no gloves)
MR       .....                  (no barding)
Stlth    ..........             (no amulet)
Regen    0.2/turn               m - ring of positive energy
MPRegen  0.1/turn               (no ring)

@: very slow
A: see invisible, deformed body, poison resistance, slowness 2, slow metabolism
1, spit poison 1, AC +1
a: Spit Poison


You were on level 3 of the Dungeon.
You were not hungry.

You visited 1 branch of the dungeon, and saw 3 of its levels.

You collected 8 gold pieces.

Inventory:

Hand Weapons
 a - a +0 war axe (weapon)
Armour
 b - a +0 scale mail (worn)
 c - a +0 shield (worn)
Jewellery
 m - a ring of positive energy (left hand)
Wands
 j - a wand of scattershot (0/9)
Scrolls
 e - a scroll of remove curse {unknown}
 h - a scroll of enchant armour {unknown}
 i - a scroll of enchant weapon {unknown}
Potions
 d - a potion of might
 g - a potion of curing {unknown}
 k - 2 potions of berserk rage {unknown}
Comestibles
 f - a bread ration
 l - 6 chunks of flesh


   Skills:
 - Level 3.0 Fighting
 + Level 3.6 Axes
 - Level 2.4 Armour
 + Level 3.4 Shields


You had 3 spell levels left.
You didn't know any spells.

Dungeon Overview and Level Annotations

Branches:
Dungeon (3/15)

Altars:

Annotations:
D:3 Gorglomux's ghost, amateur DrIE


Innate Abilities, Weirdness & Mutations

You cannot wear boots.
Your serpentine skin is tough. (AC +1)
You have supernaturally acute eyesight. (SInv)
Armour fits poorly on your strangely shaped body.
Your system is resistant to poisons. (rPois)
You cover ground very slowly.
You have a slow metabolism.
You can spit poison.


Message History

You are too injured to fight recklessly!
You are too injured to fight recklessly!
You closely miss Gorglomux's ghost.
Gorglomux's ghost is severely damaged.
Gorglomux's ghost barely misses you.
Gorglomux's ghost points at you and mumbles some strange words.
You are frozen.
You barely miss Gorglomux's ghost.
Gorglomux's ghost is severely damaged.
Gorglomux's ghost points at you and mumbles some strange words.
You are frozen.
You hit Gorglomux's ghost.
Gorglomux's ghost is severely damaged.
Gorglomux's ghost points at you and mumbles some strange words.
You are frozen.
You hit Gorglomux's ghost.
Gorglomux's ghost is almost destroyed.
Gorglomux's ghost points at you and mumbles some strange words.
You are frozen.
You die...

......... .######## ##
.# #.. .# #..# #.# ..
### #..# #.# ..= ..#
#..# #.# .... #.# #..#
#.#####.... #.#######..#
#..#....... #..##......#
#..@%......
##..#.#....###.W#.##....
##.#.#.#...............
#.#.[...###.....##....
###....#.###..#..## ...
....)...##.......## ..
..)...#.##..#...... .
..)[........#.......
.................#[..


You could see Gorglomux's ghost.

Vanquished Creatures
  An orc priest (D:3)
  An orc wizard (D:3)
  A worm (D:2)
  A leopard gecko (D:3)
  6 orcs (D:3)
  A ball python (D:3)
  A bat (D:3)
  2 giant cockroaches
  4 goblins
  4 hobgoblins
  4 frilled lizards
  A rat (D:2)
27 creatures vanquished.

Notes
Turn   | Place    | Note
-------+----------+-------------------------------------------
     0 | D:1      | Duffy the Naga Fighter began the quest for the Orb.
     0 | D:1      | Reached XP level 1. HP: 21/21 MP: 1/1
    82 | D:1      | You fall through a shaft!
   344 | D:2      | Reached XP level 2. HP: 27/28 MP: 2/2
   679 | D:3      | Reached XP level 3. HP: 23/34 MP: 3/3
   682 | D:3      | Reached XP level 4. HP: 15/42 MP: 4/4
   990 | D:3      | Noticed Gorglomux's ghost (amateur DrIE)
  1004 | D:3      | HP: 1/42 [Gorglomux's ghost/Freeze (8)]
  1005 | D:3      | Killed from afar by Gorglomux's ghost

Vault maps used:
D:1:      minmay_arrival_hallway
D:2:      first_bread, kennysheep_boxes
D:3:      old_standard_altar

Skill      XL: |  1  2 |
---------------+-------+-----
Axes           | 3 |  3.6
Shields        | 3 |  3.4
Fighting       | |  3.0
Armour         | |  2.4

Action                   |  1- 3 |  4- 6 || total
-------------------------+-------+-------++-------
Melee: War axe           |    43 |    31 ||    74
Evoke: Wand              |     2 |       ||     2
Armor: Scale mail        |    11 |    20 ||    31
Dodge: Dodged            |    12 |    10 ||    22
Block: Shield            |    25 |    20 ||    45
